 Dungeon Crawl Stone Soup version 0.27.1-3-gb3d3a73c9e (webtiles) character file.

Game seed: 3433950797456079345

179005 ABBCCCDDDD the Brawler (level 17, -3/167 HPs)
             Began as a Troll Delver on Oct 26, 2021.
             Was the Champion of Zin.
             Slain by a quicksilver dragon (10 damage)
             ... on level 4 of the Snake Pit.
             The game lasted 00:57:01 (30015 turns).

ABBCCCDDDD the Brawler (Troll Delver)              Turns: 30015, Time: 00:57:01

Health: -3/167     AC: 10    Str: 27    XL:     17   Next: 59%
Magic:  16/16      EV: 13    Int:  6    God:    Zin [******]
Gold:   1640       SH: 26    Dex: 13    Spells: 16/16 levels left

rFire    + + .     SeeInvis +     - Unarmed
rCold    + . .     Faith    .   M - +0 tower shield
rNeg     + . .     Spirit   .   T - +2 robe {rF+}
rPois    +         Reflect  +   E - +0 mask of the Dragon {Will+ Slay+3 SInv}
rElec    +         Harm     .   L - +2 cloak {Stlth+}
rCorr    +         Rampage  .   (gloves unavailable)
Will     ++...                  (boots unavailable)
Stlth    +++.......             s - amulet "Poumat" {Reflect Regen+ SH+5}
HPRegen  2.37/turn              S - ring of Datut {Contam rC+ rN+ rCorr}
MPRegen  0.15/turn              o - ring "Welas" {rElec rPois rF+ SInv}

@: studying 2 skills
A: large, unfitting armour, claws 3, regeneration 1, shaggy fur 1, tough skin 1
a: Renounce Religion, Recite, Vitalisation, Imprison, Sanctuary, Donate Gold


You were on level 4 of the Snake Pit.
You worshipped Zin.
Zin was exalted by your worship.
You visited 6 branches of the dungeon, and saw 30 of its levels.
You also visited: Sewer and Ice Cave.

You collected 4449 gold pieces.
You spent 2587 gold pieces at shops.
You donated 222 gold pieces to Zin.

Inventory:

Hand Weapons
 G - a +2 scimitar of flaming
Missiles
 a - 3 curare-tipped darts
 i - 97 poisoned darts (quivered)
 m - 5 throwing nets
 r - 9 javelins
 Z - 7 silver javelins
Armour
 E - the +0 mask of the Dragon (worn) {Will+ Slay+3 SInv}
   (You bought it in a shop on level 4 of the Dungeon)

   Slay:      It affects your accuracy & damage with ranged weapons and melee
   (+3).
   SInv:      It lets you see invisible.
   Will:      It increases your willpower.
 L - a +2 cloak of stealth (worn)
 M - a +0 tower shield (worn)
 T - a +2 robe of fire resistance (worn)
 U - +0 acid dragon scales
 X - a scarf of harm
Jewellery
 c - the ring "Maxawn" {Ice MP+9 Int+2}
   (You found it on level 10 of the Dungeon)

   [ring of ice]

   It enhances your ice magic.
   Int:       It affects your intelligence (+2).
   rF:        It makes you vulnerable to fire.
   rC:        It protects you from cold.
   MP:        It affects your magic capacity (+9).
 o - the ring "Welas" (right claw) {rElec rPois rF+ SInv}
   (You bought it in a shop on level 1 of the Snake Pit)

   [ring of protection from fire]

   rF:        It protects you from fire.
   rElec:     It insulates you from electricity.
   rPois:     It protects you from poison.
   SInv:      It lets you see invisible.
 s - the amulet "Poumat" (around neck) {Reflect Regen+ SH+5}
   (You acquired it on level 1 of the Lair of Beasts)

   [amulet of reflection]

   It reflects blocked missile attacks.
   Regen:     It increases your rate of health regeneration.
   SH:        It affects your SH (+5).
 y - the ring of the Hare {EV+8}
   (You found it on level 12 of the Dungeon)

   [ring of evasion]

   EV:        It affects your evasion (+8).
 B - the ring "Vualup" {Fly rC+ rN+ Dex+4 Stlth+}
   (You found it on level 6 of the Dungeon)

   [ring of positive energy]

   Dex:       It affects your dexterity (+4).
   rC:        It protects you from cold.
   rN:        It protects you from negative energy.
   Fly:       It grants you flight.
   Stlth:     It makes you more stealthy.
 Q - a ring of protection from cold
 R - the ring of Koitz {Contam rN+ rCorr Int+5}
   (You found it in an ice cave)

   [ring of resist corrosion]

   Int:       It affects your intelligence (+5).
   rN:        It protects you from negative energy.
   Contam:    It causes magical contamination when unequipped.
   rCorr:     It protects you from acid and corrosion.
 S - the ring of Datut (left claw) {Contam rC+ rN+ rCorr}
   (You found it in an ice cave)

   [ring of protection from cold]

   rC:        It protects you from cold.
   rN:        It protects you from negative energy.
   Contam:    It causes magical contamination when unequipped.
   rCorr:     It protects you from acid and corrosion.
Wands
 f - a wand of digging (3)
 u - a wand of mindburst (14)
 v - a wand of acid (2)
 C - a wand of flame (57)
 J - a wand of iceblast (2)
 N - a wand of paralysis (8)
 V - a wand of charming (12)
Scrolls
 b - 3 scrolls of fog
 d - 3 scrolls of enchant armour
 j - 7 scrolls of teleportation
 q - 4 scrolls of immolation
 t - a scroll of summoning {unknown}
 H - 5 scrolls of magic mapping
 K - 3 scrolls of vulnerability
 P - a scroll of silence
Potions
 e - 6 potions of haste
 g - 5 potions of mutation
 h - 4 potions of heal wounds
 k - 5 potions of cancellation
 l - 5 potions of magic
 n - 5 potions of resistance
 p - 2 potions of invisibility
 w - 8 potions of attraction
 x - 8 potions of ambrosia
 z - a potion of flight
 A - a potion of lignification {unknown}
 D - 6 potions of curing
 F - 2 potions of berserk rage
 I - 4 potions of might
 O - a potion of brilliance {unknown}
 W - 2 potions of degeneration {unknown}
Miscellaneous
 Y - a lightning rod (4/4)


   Skills:
 - Level 10.5 Fighting
 - Level 5.0 Long Blades
 + Level 10.0 Throwing
 + Level 7.8 Armour
 + Level 8.0 Dodging
 - Level 2.7 Stealth
 - Level 15.0 Shields
 - Level 15.4 Unarmed Combat
 - Level 5.0 Evocations


You had 16 spell levels left.
You didn't know any spells.
Your spell library contained the following spells:

 Spells                   Type           Power      Damage    Failure   Level
 Sting                    Tmut/Pois      0%         1d3       45%         1
 Corpse Rot               Necr/Air       N/A        N/A       58%         2
 Poisonous Vapours        Pois/Air       0%         N/A       58%         2
 Static Discharge         Conj/Air       0%         N/A       58%         2
 Call Canine Familiar     Summ           0%         N/A       83%         3
 Frozen Ramparts          Ice            0%         1d2       83%         3
 Portal Projectile        Hex/Tloc       0%         N/A       83%         3
 Dispel Undead            Necr           0%         3d6       99%         4
 Hailstorm                Conj/Ice       0%         3d3       99%         4
 Ice Form                 Ice/Tmut       0%         N/A       99%         4
 Leda's Liquefaction      Hex/Erth       0%         N/A       99%         4
 Olgreb's Toxic Radiance  Pois           0%         N/A       99%         4
 Passage of Golubria      Tloc           N/A        N/A       99%         4
 Sticky Flame             Conj/Fire      0%         2d3       99%         4
 Summon Ice Beast         Ice/Summ       0%         N/A       99%         4
 Blade Hands              Tmut           0%         N/A       100%        5
 Excruciating Wounds      Necr           0%         N/A       100%        5
 Freezing Cloud           Conj/Ice/Air   0%         6-21      100%        5
 Iskenderun's Battlesphe  Conj           0%         2d6       100%        5
 Silence                  Hex/Air        0%         N/A       100%        5
 Iron Shot                Conj/Erth      0%         9d1       100%        6
 Simulacrum               Ice/Necr       0%         N/A       100%        6
 Spellforged Servitor     Conj/Summ      0%         N/A       100%        7
 Lehudib's Crystal Spear  Conj/Erth      0%         10d2      100%        8


Dungeon Overview and Level Annotations

Branches:
Dungeon (14/15)            Temple (1/1) D:7            Lair (6/6) D:8
 Shoals (3/4) Lair:2        Snake (4/4) Lair:4        Slime (0/5) Lair:6
    Orc (2/2) D:11            Elf (0/3) Orc:2        Vaults (0/5) D:13
  Sewer (visited)           IceCv (visited)

Altars:
Ashenzari
Cheibriados
Dithmenos
Elyvilon
Fedhas
Gozag
Hepliaklqana
Kikubaaqudgha
Nemelex Xobeh
Okawaru
Qazlal
Ru
Sif Muna
Trog
Uskayaw
Wu Jian
Xom
Yredelemnul
Zin
The Shining One

Shops:
D:3 (   D:4 [[*([   D:11 (   D:12 *   D:13 [   Orc:1 *   Orc:2 *?!:(
Snake:1 :=:[

Portals:
Abyss: D:7

Annotations:
D:14 1 runed translucent door, Qymaymp's ghost, adept GrEE
Lair:3 2 transporters, othur's ghost, journeyman TrMo
Lair:4 exclusion: oklob plant
Shoals:2 Ilsuiw
Snake:3 Aizul; Roxanne
Orc:2 3 runed translucent doors, exclusion: obsidian statue, dragonscale333's ghost, journeyman DsIE


Innate Abilities, Weirdness & Mutations

You are too large for most types of armour.
You have claws for hands.
Your natural rate of healing is unusually fast.
You are covered in fur. (AC +1)
You have tough skin. (AC +1)


Message History

The quicksilver dragon breathes dispelling energy at you.
The bolt of dispelling energy hits you!!
You feel strangely stable.
You miss the quicksilver dragon.
The quicksilver dragon is heavily wounded.
You block the quicksilver dragon's attack. x3
The quicksilver dragon claws you but does no damage.
You claw the quicksilver dragon!
The quicksilver dragon is severely wounded.
The quicksilver dragon breathes dispelling energy at you.
The bolt of dispelling energy hits you!
* * * LOW HITPOINT WARNING * * *
You block the quicksilver dragon's attack. x2
The quicksilver dragon misses you.
The quicksilver dragon closely misses you.
A nagaraja comes into view. It is wielding a +0 spear.
You block the quicksilver dragon's attack. x2
The quicksilver dragon breathes dispelling energy at you.
The bolt of dispelling energy hits you!!
* * * LOW HITPOINT WARNING * * *
You block the quicksilver dragon's attack.
The quicksilver dragon barely misses you.
You feel much better.
You block the quicksilver dragon's attack.
The quicksilver dragon claws you.
* * * LOW HITPOINT WARNING * * *
You block the quicksilver dragon's attack.
The quicksilver dragon claws you!
* * * LOW HITPOINT WARNING * * *
A naga warrior comes into view. It is wielding a +0 glaive.
The quicksilver dragon breathes dispelling energy at you.
The bolt of dispelling energy hits you!!
* * * LOW HITPOINT WARNING * * *
You fail to use your ability.
You block the quicksilver dragon's attack. x2
The quicksilver dragon bites you but does no damage.
You block the quicksilver dragon's attack.
A guardian serpent comes into view.
The quicksilver dragon bites you!
You die...

#...##+##....# #..#
##...# #..# #..##
#..+ #...# ##..
#...# .##'##.D###
##..##
....NSN†#.#####..##
#8...8##).D##...##
..... ##.D@...##
..#. ##..#### . #
####


You could see a naga warrior, 2 quicksilver dragons, a nagaraja and a guardian
serpent.

Levels and vault maps discovered:
D:1:      minmay_arrival_split_and_join, layout_basic, minmay_pentomino_q4
D:2:      wad_pebble_path, layout_basic, dilly_ecumenical_altar_fadedgnrine
D:3:      layout_basic, mainiacjoe_overflow_chevrons,
          mainiacjoe_overflow_two_lobes, serial_shops,
          nicolae_shop_window_shopping, columned_hall_lemuel
D:4:      layout_rooms, nicolae_wu_jian_glorious_leap,
          okawaru_ov_weapons_minmay, serial_shops, nicolae_shop_crystal,
          shop_statue, shop_fountains, nicolae_shop_stone, nicolae_shop_crystal
D:5:      layout_loops_ring, cheibrodos_sewer_entry_drain, uniq_pikel
D:6:      layout_cave_pods, st_stairs_5, minmay_manual_mess
D:7:      layout_basic, kennysheep_mini_moat, temple_statues,
          gammafunk_ghost_abyssal_escape, uniq_prince_ribbit1
D:8:      layout_layer_cave, mainiacjoe_overflow_boulevard, dpeg_oklobed_lair,
          uniq_psyche, uniq_erica
D:9:      layout_loops_ring, nicolae_overflow_crystal_walls, minmay_crystal_room
D:10:     layout_loops_ring
D:11:     layout_irregular_city, minmay_orc_entry_guard_dogs, serial_shops,
          shop, portal_ice_cave_entry_ice_simulacra, gammafunk_ghost_hydra_chop
D:12:     cheibrodos_quadrivalence, layout_irregular_city, serial_shops, shop
D:13:     kennysheep_demon_hangout, layout_basic, david_vaults_1, serial_shops,
          shop, pf_eden
D:14:     layout_loops_ring, serial_park_gazebo [serial_park_minivault_5x5_8],
          ebering_ghost_reflecting_pool, evilmike_minifort
Temple:   eino_temple_lava
Lair:1:   layout_chaotic_city
Lair:2:   layout_layer_cave, shoals_dummy_entry, serial_bayou_shore_a
Lair:3:   beast_lair_carwin_large_2, layout_misc_corridors,
          gammafunk_ghost_berserking_beasts
Lair:4:   layout_cave_pods, guppyfry_snake_entry_island,
          minmay_lair_oklob_chamber, grunt_megastairs_1, lemuel_fruit_tree
Lair:5:   layout_cave_pods
Lair:6:   gammafunk_lair_ancient_temple, layout_loops_ring, slime_altar_1,
          st_stairs_11
Shoals:1: layout_shoals, nicolae_shoals_mertower
Shoals:2: layout_shoals, ebering_ghost_rock_garden,
          nicolae_shoals_circle_sea_wall, nicolae_shoals_flooded_hall,
          uniq_ilsuiw, uniq_polyphemus, uniq_jorgrun
Shoals:3: layout_shoals, uniq_kirke
Snake:1:  layout_basic, serial_shops, shop, nicolae_snake_linked_coils,
          minmay_shop_grove, grunt_megastairs_5
Snake:2:  layout_basic, grunt_ministairs_1, drop_trap
Snake:3:  layout_layer_cave, basic_altar, uniq_donald, uniq_roxanne, uniq_aizul
Snake:4:  hellmonk_snake_rune_quicksilver_temple, layout_basic
Orc:1:    layout_caves, serial_shops, shop, uniq_sonja
Orc:2:    st_orc_elflike, layout_caves, ebering_ghost_gozag,
          nicolae_orc_flooded_monolith

Notes
Turn   | Place    | Note
-------+----------+-------------------------------------------
     0 | D:5      | ABBCCCDDDD the Troll Delver began the quest for the Orb.
     0 | D:5      | Reached XP level 1. HP: 22/22 MP: 0/0
    35 | D:5      | Found a glowing drain.
    36 | D:5      | Noticed a scorpion
    45 | D:5      | Noticed a water moccasin
    68 | Sewer    | Entered a sewer
    98 | Sewer    | Reached XP level 2. HP: 29/29 MP: 1/1
   166 | Sewer    | Reached XP level 3. HP: 30/36 MP: 2/2
   408 | Sewer    | Reached XP level 4. HP: 16/45 MP: 3/3
   772 | D:5      | Noticed a centaur
   787 | D:4      | Reached XP level 5. HP: 27/53 MP: 4/4
   914 | D:4      | Found Poaheheg's Antique Armour Emporium.
   951 | D:4      | Found Mian's Armour Shoppe.
   971 | D:3      | Found a white marble altar of Elyvilon.
   979 | D:3      | ABBCCCDDDD: ??polytheist abbcccdddd
   979 | D:3      | beem: I don't have a page labeled polytheist_abbcccdddd in
                  | my learndb.
   979 | D:3      | ABBCCCDDDD: !polytheist abbcccdddd
  1076 | D:1      | beem: Unwon gods for abbcccdddd: Ignis, Zin
  2110 | D:2      | Reached skill level 5 in Unarmed Combat
  2202 | D:2      | Found a faded altar of an unknown god.
  2431 | D:3      | Found Zibral's Antique Weapon Emporium.
  2730 | D:3      | Found a shimmering blue altar of Sif Muna.
  2761 | D:3      | Found a sparkling altar of Nemelex Xobeh.
  3089 | D:4      | Found an ornate altar of the Wu Jian Council.
  3200 | D:4      | Found Voclyr's General Store.
  3214 | D:4      | Found an iron altar of Okawaru.
  3307 | D:4      | Found Jufamoad's Antique Weapon Emporium.
  3323 | D:4      | Noticed a black bear
  3327 | D:4      | Killed a black bear
  3328 | D:4      | Reached XP level 6. HP: 59/62 MP: 5/5
  3415 | D:4      | Found Narom's Antique Armour Shop.
  3899 | D:5      | Reached XP level 7. HP: 70/70 MP: 6/6
  3971 | D:5      | Noticed Pikel
  3985 | D:5      | Killed Pikel
  3986 | D:5      | Reached skill level 5 in Fighting
  3986 | D:5      | Reached XP level 8. HP: 34/80 MP: 7/7
  5111 | D:6      | Identified the ring "Vualup" {Fly rC+ rN+ Dex+4 Stlth+}
  5217 | D:6      | Noticed a komodo dragon
  5227 | D:6      | Killed a komodo dragon
  5228 | D:6      | Reached XP level 9. HP: 64/89 MP: 8/8
  5658 | D:4      | Bought the +0 mask of the Dragon {Will+ Slay+3 SInv} for
                  | 400 gold pieces
  5658 | D:4      | Found the +0 mask of the Dragon {Will+ Slay+3 SInv}
  5838 | D:7      | Reached skill level 10 in Unarmed Combat
  5868 | D:7      | Found a transporter.
  5870 | D:7      | Found a transporter.
  5870 | D:7      | Noticed a brown ugly thing
  5877 | D:7      | Found the +8 demon trident "Rift" {distort, reach+}
  5892 | D:7      | Found a one-way gate to the infinite horrors of the Abyss.
  5893 | D:7      | Noticed PanSaczeczos's ghost (novice SpAK)
  6033 | D:7      | Found a basalt altar of Yredelemnul.
  6247 | D:7      | Found a staircase to the Ecumenical Temple.
  6266 | Temple   | Entered the Ecumenical Temple
  6275 | Temple   | Became a worshipper of Zin the Law-Giver
  6275 | Temple   | Reached * piety under Zin
  6360 | D:7      | Noticed Prince Ribbit
  6374 | D:7      | Killed Prince Ribbit
  6880 | D:8      | Noticed Erica
  6888 | D:8      | Killed Erica
  7168 | D:8      | Reached XP level 10. HP: 102/102 MP: 9/9
  7224 | D:8      | Identified the +0 ring mail "Cofushru" {Harm rN+ Stlth+}
  7444 | D:8      | Found a stormy altar of Qazlal.
  7463 | D:8      | Reached skill level 1 in Armour
  7555 | D:8      | Found a staircase to the Lair.
  7764 | D:8      | Noticed Psyche
  7772 | D:8      | Killed Psyche
  7773 | D:8      | Reached skill level 1 in Evocations
  7990 | D:9      | Reached ** piety under Zin
  8673 | D:9      | Noticed a two-headed ogre
  8675 | D:9      | Found a blossoming altar of Fedhas.
  8927 | D:9      | Killed a two-headed ogre
  9392 | Lair:1   | Entered Level 1 of the Lair of Beasts
  9514 | D:8      | Reached XP level 11. HP: 53/111 MP: 10/10
  9756 | Lair:1   | Reached *** piety under Zin
  9756 | Lair:1   | Noticed an eight-headed hydra
  9860 | D:4      | Bought an embroidered cloak for 180 gold pieces
 10310 | D:8      | Reached skill level 5 in Dodging
 10522 | Lair:1   | Noticed a four-headed hydra
 10540 | Lair:1   | Killed a two-headed hydra
 10544 | Lair:1   | Reached skill level 5 in Armour
 10803 | Lair:1   | Identified 2 scrolls of acquirement
 10804 | Lair:1   | Acquired 514 gold pieces
 10805 | Lair:1   | Reached **** piety under Zin
 10806 | Lair:1   | Acquired the amulet "Poumat" {Reflect Regen+ SH+5}
 10818 | Lair:1   | Reached XP level 12. HP: 122/122 MP: 11/11
 11557 | Lair:2   | Reached ***** piety under Zin
 11579 | Lair:2   | Reached XP level 13. HP: 128/128 MP: 12/12
 11738 | Lair:2   | Found a staircase to the Shoals.
 12680 | Lair:3   | Reached skill level 10 in Shields
 13126 | Lair:3   | Found a transporter.
 13130 | Lair:3   | Noticed othur's ghost (journeyman TrMo)
 13144 | Lair:3   | Found a transporter.
 13347 | Lair:3   | Identified the -2 tower shield of Barisane {-Cast rC+ Int-5
                  | Dex+9}
 14177 | Lair:4   | Found a staircase to the Snake Pit.
 14880 | Lair:5   | You are sucked into a shaft and drop 1 floor!
 14880 | Lair:6   | Entered Level 6 of the Lair of Beasts
 14948 | Lair:6   | Reached XP level 14. HP: 94/137 MP: 13/13
 15443 | D:10     | Entered Level 10 of the Dungeon
 15656 | D:10     | Identified the ring "Maxawn" {Ice MP+9 Int+2}
 15755 | D:10     | Reached ****** piety under Zin
 16026 | D:11     | Found a frozen archway.
 16046 | IceCv    | Entered an ice cave
 16327 | IceCv    | Noticed an azure jelly
 16328 | IceCv    | Found a viscous altar of Jiyva.
 16361 | IceCv    | Killed an azure jelly
 16475 | IceCv    | Identified the ring of Koitz {Contam rN+ rCorr Int+5}
 16753 | IceCv    | Got the ring of Datut {Contam rC+ rN+ rCorr}
 16818 | D:11     | Found Ufif's Antique Weapon Shoppe.
 16864 | D:11     | Found a staircase to the Orcish Mines.
 17021 | D:4      | Bought a +2 robe of fire resistance for 212 gold pieces
 17168 | Orc:1    | Entered Level 1 of the Orcish Mines
 17202 | Orc:1    | Paralysed by an orc sorcerer for 3 turns
 17243 | Orc:1    | Noticed Sonja
 17261 | Orc:1    | Killed Sonja
 17384 | Orc:1    | Found Gysuck's General Store.
 17464 | Orc:1    | Bought a potion of berserk rage for 75 gold pieces
 17464 | Orc:1    | Bought a scroll of blinking for 112 gold pieces
 17464 | Orc:1    | Bought a scroll of identify for 30 gold pieces
 17694 | Orc:2    | Entered Level 2 of the Orcish Mines
 17729 | Orc:2    | Found a staircase to the Elven Halls.
 17746 | Orc:2    | Found a runed translucent gate.
 17746 | Orc:2    | Found a runed translucent gate.
 17746 | Orc:2    | Found a runed translucent gate.
 17747 | Orc:2    | Found an opulent altar of Gozag.
 17747 | Orc:2    | Found Kipigair's Assorted Antiques.
 17754 | Orc:2    | Noticed dragonscale333's ghost (journeyman DsIE)
 18093 | Orc:2    | Found Ukoi's Weapon Emporium.
 18296 | Orc:2    | Found Olatah's Book Boutique.
 18303 | Orc:2    | Found Qeqiahah's Distillery.
 18305 | Orc:2    | Found Qetuf's Magic Scroll Emporium.
 18315 | Orc:2    | Bought a scroll of acquirement for 728 gold pieces
 18315 | Orc:2    | Acquired 1156 gold pieces
 18849 | D:11     | Found a runed translucent gate.
 18850 | D:11     | Found a runed translucent gate.
 18851 | D:11     | Found a runed translucent gate.
 18852 | D:11     | Noticed Garym's ghost (journeyman MiFi)
 18859 | D:11     | Reached skill level 1 in Long Blades
 19273 | D:12     | Found Butzidiu's General Store.
 19907 | D:13     | Reached XP level 15. HP: 146/146 MP: 14/14
 20155 | D:13     | Reached skill level 5 in Long Blades
 20254 | D:13     | Found Imekkur's Armour Boutique.
 20698 | D:13     | Found a gate to the Vaults.
 20824 | D:12     | Found the ring of the Hare {EV+8}
 21154 | D:14     | Found a runed translucent door.
 21160 | D:14     | Noticed Qymaymp's ghost (adept GrEE)
 22182 | D:14     | Reached skill level 10 in Fighting
 22855 | D:7      | Killed PanSaczeczos's ghost
 22856 | D:7      | Reached skill level 15 in Unarmed Combat
 23090 | D:11     | Killed Garym's ghost
 23317 | Shoals:1 | Entered Level 1 of the Shoals
 23709 | Shoals:1 | Reached skill level 1 in Throwing
 24221 | Shoals:1 | HP: 4/150 [harpy (10)]
 24289 | Shoals:1 | Reached XP level 16. HP: 159/159 MP: 15/15
 24941 | Shoals:2 | Reached skill level 5 in Throwing
 25068 | Shoals:2 | Noticed Polyphemus
 25083 | Shoals:2 | Killed Polyphemus
 25199 | Shoals:2 | Noticed Ilsuiw
 25223 | Shoals:2 | HP: 10/238 [Ilsuiw/shard of ice (16)]
 25322 | Shoals:2 | Identified the +1 hat of Pis Koq {rC+ Stlth+}
 25494 | Snake:1  | Entered Level 1 of the Snake Pit
 25879 | Snake:1  | Reached skill level 15 in Shields
 26098 | Snake:1  | Found Turiahi's Jewellery Boutique.
 26099 | Snake:1  | Found Vukidwei's Book Shoppe.
 26099 | Snake:1  | Found Elor's Book Shoppe.
 26117 | Snake:1  | Bought the ring "Welas" {rElec rPois rF+ SInv} for 758 gold
                  | pieces
 26278 | Snake:1  | Found Woneqeib's Antique Armour Boutique.
 26286 | Snake:1  | Bought a glowing robe for 92 gold pieces
 27382 | Snake:2  | Reached XP level 17. HP: 135/167 MP: 16/16
 27837 | Snake:3  | Acquired a manual of Throwing
 28221 | Snake:3  | Noticed Donald
 28522 | Snake:3  | Killed Donald
 28541 | Snake:3  | Found an iron altar of Okawaru.
 28818 | Snake:3  | Noticed Aizul
 29148 | Snake:3  | Noticed Roxanne
 29432 | Snake:4  | Entered Level 4 of the Snake Pit
 29544 | Snake:4  | Reached skill level 5 in Evocations
 29998 | Snake:4  | Noticed a quicksilver dragon
 30000 | Snake:4  | Reached skill level 10 in Throwing
 30000 | Snake:4  | Noticed a quicksilver dragon
 30014 | Snake:4  | HP: 4/167 [quicksilver dragon/bolt of dispelling energy
                  | (31)]
 30015 | Snake:4  | Slain by a quicksilver dragon

Table legend: (Time is in decaauts)
 A = Elapsed time spent in this place.
 B = Non-inter-level travel time spent in this place.
 C = Inter-level travel time spent in this place.
 D = Time resting spent in this place.
 E = Time spent auto-exploring this place.
 F = Levels seen in this place.
 G = Mean time per level.
                   A        B        C        D        E       F      G
               +--------+--------+--------+--------+--------+-----+--------+
         Total |  29467 |  26862 |   2605 |   3873 |  15924 |  32 |  920.8 |
       Dungeon |  14805 |  12977 |   1828 |   2159 |   8302 |  14 | 1057.5 |
        Temple |     17 |     10 |      7 |      0 |      0 |   1 |   17.0 |
          Lair |   5678 |   5247 |    431 |    620 |   3092 |   6 |  946.3 |
        Shoals |   1863 |   1791 |     72 |    266 |    850 |   3 |  621.0 |
     Snake Pit |   4294 |   4088 |    206 |    349 |   2442 |   4 | 1073.5 |
  Orcish Mines |   1418 |   1359 |     59 |    137 |    885 |   2 |  709.0 |
         Sewer |    660 |    660 |      0 |    168 |    132 |   1 |  660.0 |
      Ice Cave |    728 |    728 |      0 |    174 |    219 |   1 |  728.0 |
               +--------+--------+--------+--------+--------+-----+--------+

Top non-repeatable levels by time:
     D:8: 2356 daAuts
 Snake:3: 1495 daAuts
  Lair:2: 1487 daAuts
  Lair:4: 1427 daAuts
 Snake:1: 1392 daAuts
  Lair:1: 1298 daAuts
     D:9: 1277 daAuts
     D:7: 1187 daAuts
    D:14: 1168 daAuts
     D:6: 1168 daAuts
     D:5: 1162 daAuts
Shoals:1: 1135 daAuts
    D:13: 1013 daAuts
  Lair:3: 994 daAuts
    D:11: 987 daAuts

Table legend:
 A = Kills in this place as a percentage of kills in entire the game.
 B = Kills by you in this place as a percentage of kills by you in the entire game.
 C = Kills by friends in this place as a percentage of kills by friends in the entire game.
 D = Other kills in this place as a percentage of other kills in the entire game.
 E = Experience gained in this place as a percentage of experience gained in the entire game.
 F = Experience gained in this place divided by the number of levels of this place that you have seen.
                   A       B       C       D       E      F
               +-------+-------+-------+-------+-------+----------------------
         Total | 100.0 | 100.0 |   N/A | 100.0 | 100.0 | 7670.8
       Dungeon |  37.2 |  37.4 |   N/A |   0.0 |  24.5 | 4297.7
          Lair |  18.5 |  18.6 |   N/A |   0.0 |  17.5 | 7143.5
        Shoals |   8.2 |   8.3 |   N/A |   0.0 |  15.8 | 12891.0
     Snake Pit |  18.8 |  18.6 |   N/A | 100.0 |  32.9 | 20162.0
  Orcish Mines |   8.2 |   8.3 |   N/A |   0.0 |   5.7 | 6939.0
         Sewer |   5.7 |   5.7 |   N/A |   0.0 |   0.1 | 175.0
      Ice Cave |   3.3 |   3.3 |   N/A |   0.0 |   3.7 | 9064.0
               +-------+-------+-------+-------+-------+----------------------

Action                   |  1- 3 |  4- 6 |  7- 9 | 10-12 | 13-15 | 16-18 || total
-------------------------+-------+-------+-------+-------+-------+-------++-------
Melee: Unarmed           |    65 |   238 |   148 |   360 |  1379 |   969 ||  3159
       Punch             |     2 |     2 |     7 |    20 |       |       ||    31
       Scimitar          |       |       |       |     3 |    32 |       ||    35
Throw: Dart              |       |       |       |     6 |    12 |     8 ||    26
Evoke: Wand              |       |       |       |       |    22 |     5 ||    27
  Use: Scroll            |     1 |       |       |    14 |    13 |    11 ||    39
       Potion            |       |       |       |     1 |     2 |     5 ||     8
 Stab: Sleeping          |     1 |    10 |     8 |     6 |    30 |    11 ||    66
       Distracted        |       |     1 |       |     2 |     6 |     2 ||    11
       Paralysed         |       |       |       |       |     2 |       ||     2
       Held in net/web   |       |       |       |       |       |     2 ||     2
Armor: Robe              |    20 |    84 |    35 |    67 |   202 |    57 ||   465
Dodge: Dodged            |    29 |   105 |    72 |   178 |   352 |   146 ||   882
Block: Tower shield      |       |       |       |    65 |  1591 |   933 ||  2589
       Reflection        |       |       |       |       |    36 |   100 ||   136
       Rpst.: Scimitar   |       |       |       |     1 |     4 |       ||     5

Vanquished Creatures
  Polyphemus (Shoals:2)
  Donald (Snake:3)
  An azure jelly (IceCv)
  A nagaraja (Snake:4)
  The ghost of Garym the Protected, a journeyman MiFi of Okawaru (D:11)
  A merfolk javelineer (Shoals:1)
  4 merfolk impalers
  12 naga warriors
  A salamander tyrant (Snake:3)
  6 hydras
  4 boulder beetles
  A catoblepas (Shoals:2)
  An alligator snapping turtle (Shoals:2)
  A merfolk aquamancer (Shoals:2)
  Erica (D:8)
  5 death yaks
  6 two-headed ogres
  10 anacondas
  9 centaur warriors
  A merfolk avatar (Shoals:1)
  A tengu warrior (D:14)
  A dancing weapon (D:13)
  8 naga sharpshooters
  3 orc high priests (Orc:2)
  4 shock serpents
  Sonja (Orc:1)
  3 sun demons (D:12)
  A salamander mystic (Snake:2)
  16 slime creatures
  2 cherubim (D:13)
  Pikel (D:5)
  3 sea snakes (Shoals:1)
  5 naga ritualists
  A wizard (D:12)
  8 harpies (Shoals:1)
  A deep elf pyromancer (D:13)
  A necromancer (D:13)
  7 orc knights
  The ghost of PanSaczeczos the Covert, a novice SpAK of Lugonu (D:7)
  7 mana vipers
  7 orc sorcerers
  A cyclops (D:14)
  4 ugly things
  13 elephants
  9 manticores
  5 fauns
  12 salamanders
  3 merfolk sirens (Shoals:1)
  14 naga magi
  34 black mambas
  4 water nymphs
  A smoke demon (D:12)
  2 torpor snails
  2 ice statues (IceCv)
  4 guardian serpents
  Psyche (D:8)
  An efreet (D:13)
  12 cane toads
  A kobold demonologist (D:13)
  3 unseen horrors
  9 komodo dragons
  An ice devil (D:13)
  4 entropy weaver simulacra (IceCv)
  2 rime drakes
  3 red devils (D:12)
  16 merfolk
  3 trolls
  A jumping spider (shapeshifter) (D:14)
  A polar bear (Lair:4)
  Prince Ribbit (D:7)
  24 blink frogs
  6 snapping turtles
  3 wind drakes (Shoals:2)
  A redback (shapeshifter) (D:14)
  4 water elementals
  5 basilisks
  2 vampires
  A shadow (D:12)
  50 yaks
  3 wraiths
  5 wyverns
  4 vampire mosquitoes (D:13)
  2 steam dragons
  3 small abominations (D:7)
  7 wargs
  3 acid dragons
  6 demonic crawler simulacra (IceCv)
  47 nagas
  17 water moccasins
  21 orc warriors
  An ugly thing simulacrum (IceCv)
  3 black bears
  2 sky beasts (D:7)
  An ogre (Orc:2)
  15 wolves
  9 centaurs
  3 kobold brigands
  12 bullfrogs
  2 scorpions
  2 gnoll sergeants
  5 glowing shapeshifter simulacra (IceCv)
  A wyvern skeleton (D:6)
  A two-headed ogre simulacrum (D:11)
  16 killer bees
  3 wights (D:9)
  A howler monkey (D:14)
  3 lava snakes (Snake:1)
  4 centaur zombies
  3 jellies
  4 hounds
  15 orc priests
  A centaur skeleton (D:7)
  2 iron imps (D:13)
  3 bullfrog skeletons
  8 iguanas
  14 orc wizards
  A troll simulacrum (D:11)
  A killer bee zombie (D:6)
  A howler monkey zombie (D:10)
  11 gnolls
  8 river rats (Sewer)
  5 adders
  A naga simulacrum (D:11)
  2 white imps
  2 ufetubi
  5 worms
  4 dart slugs
  38 orcs
  13 ball pythons
  7 bats
  6 endoplasms
  2 giant cockroaches
  9 goblins
  5 hobgoblins
  3 jackals (D:1)
  30 kobolds
  3 quokkas
  5 frilled lizards
  19 rats
846 creatures vanquished.

Vanquished Creatures (others)
  A naga warrior (Snake:1)
  A naga sharpshooter (Snake:4)
  A naga (Snake:1)
  A howler monkey (D:7)
  23 fungi
  72 plants
99 creatures vanquished.

Grand Total: 945 creatures vanquished
